 Dungeon Crawl Stone Soup version 0.30.0-10-gfe55d96785 (webtiles) character file.

Game seed: 2111579841393941379

213 PoweredByGinger the Chopper (level 5, -2/42 HPs)
             Began as a Minotaur Gladiator on May 15, 2023.
             Killed from afar by Terence (7 damage)
             ... with a puff of flame
             ... on level 2 of the Dungeon.
             The game lasted 00:01:18 (846 turns).

PoweredByGinger the Chopper (Minotaur Gladiator)     Turns: 846, Time: 00:01:19

Health: -2/42      AC:  3    Str: 20    XL:     5   Next: 59%
Magic:  4/4        EV: 12    Int:  5    God:
Gold:   97         SH:  0    Dex: 12    Spells: 4/4 levels left

rFire   . . .        a - +0 war axe
rCold   . . .        (no shield)
rNeg    . . .        b - +0 leather armour
rPois   .            c - +0 hat
rElec   .            (no cloak)
rCorr   .            (no gloves)
SInv    .            (no boots)
Will    .....        (no amulet)
Stlth   +            (no ring)
HPRegen 0.27/turn    (no ring)
MPRegen 0.09/turn

%: no passive effects
@: no status effects
A: horns 2, retaliatory headbutt
a: no special abilities


You were on level 2 of the Dungeon.
You visited 1 branch of the dungeon, and saw 2 of its levels.

You collected 97 gold pieces.

Inventory:

Hand Weapons
 a - a +0 war axe (weapon)
Missiles
 d - 2 throwing nets (quivered)
 e - a javelin
 j - 2 boomerangs
Armour
 b - a +0 leather armour (worn)
 c - a +0 hat (worn)
Scrolls
 g - a scroll of noise {unknown}
 h - 3 scrolls of teleportation {unknown}
 i - a scroll of poison {unknown}
Potions
 f - a potion of heal wounds {unknown}
 k - 2 potions of brilliance {unknown}


   Skills:
 - Level 2.4 Fighting
 + Level 7.7 Axes
 - Level 2.0 Throwing
 - Level 3.2 Dodging


You had 4 spell levels left.
You didn't know any spells.
Your spell library was empty.

Dungeon Overview and Level Annotations

Branches:
Dungeon (2/15)

Altars:

Annotations:
D:2 Terence


Innate Abilities, Weirdness & Mutations

You have a pair of horns on your head.
You reflexively headbutt those who attack you in melee.


Message History

Things that are here:
a +0 dagger; a goblin corpse You barely miss Terence.
Terence hits you with a +0 short sword.
You closely miss Terence. Terence hits you with a +0 short sword.
You hit Terence. Your headbutt misses Terence.
Terence is moderately wounded.
Terence zaps a wand.
The puff of flame hits you.
You hit Terence. Your headbutt misses Terence.
Terence is moderately wounded.
Terence barely misses you. Terence hits you with a +0 short sword.
You completely miss Terence.
Terence is moderately wounded.
Terence hits you with a +0 short sword.
You slash Terence!
Terence is almost dead.
Terence zaps a wand.
The puff of flame misses you.
You completely miss Terence.
Terence is almost dead.
Terence zaps a wand.
The puff of flame hits you!
You are too injured to fight recklessly!
You are too injured to fight recklessly!
You hit Terence.
Terence is almost dead.
Terence hits you but does no damage.
You hit Terence but do no damage. Your headbutt misses Terence.
Terence is almost dead.
Terence zaps a wand.
The puff of flame hits you!
* * * LOW HITPOINT WARNING * * *
You closely miss Terence. You headbutt Terence, but do no damage.
Terence is almost dead.
Terence hits you with a +0 short sword.
* * * LOW HITPOINT WARNING * * *
Throw: 3 throwing nets
Press: ? - help, Q - select action, (/) - cycle Shift-Dir - straight line, f - Terence
Aim: Terence, wielding a +0 short sword, wearing a +0 chain mail and carrying a wand of flame (15) (almost dead, 67% to hit)
You throw a throwing net. The throwing net hits Terence.
Terence is caught in the net!
Terence is almost dead.
Terence zaps a wand.
The puff of flame hits you!
You die...

...###......
.........##.............
......#.....######......
...........#######......
........#.... .........†
.....#.....#####..##....
..?............#...####.
.....#.@..# #..#..###..
#..#.@#.#####......#.#
#.#.........#####.#....#
#................<......
#.............###.......
####...........#.....##.
#......#.#......###..
#..#.....#...........
#...###...........##.##
..#.###..............#


You could see Terence (caught).

Vanquished Creatures
  Sigmund (D:2)
  An adder (D:2)
  A gnoll (D:1)
  2 worms (D:2)
  2 bats (D:1)
  2 endoplasms (D:1)
  A goblin (D:2)
  A hobgoblin (D:1)
  3 quokkas (D:1)
  A ball python (D:1)
  2 frilled lizards (D:1)
  2 kobolds (D:1)
  7 rats
26 creatures vanquished.

Notes
Turn   | Place    | Note
-------+----------+-------------------------------------------
     0 | D:1      | PoweredByGinger the Minotaur Gladiator began the quest for
                  | the Orb.
     0 | D:1      | Reached XP level 1. HP: 18/18 MP: 0/0
    26 | D:1      | Reached skill level 4 in Axes
   120 | D:1      | Reached XP level 2. HP: 24/25 MP: 1/1
   275 | D:1      | Reached skill level 5 in Axes
   634 | D:2      | Reached XP level 3. HP: 30/30 MP: 2/2
   673 | D:2      | Noticed Sigmund
   679 | D:2      | Killed Sigmund
   680 | D:2      | Reached skill level 7 in Axes
   680 | D:2      | Reached XP level 4. HP: 28/37 MP: 3/3
   680 | D:2      | Reached XP level 5. HP: 32/42 MP: 4/4
   831 | D:2      | Noticed Terence
   846 | D:2      | Killed from afar by Terence

Illustrated notes

Levels and vault maps discovered:
D:1:      scummos_arrival_hexagon, layout_rooms
D:2:      layout_rooms, shapermc_ecumenical_altar_flowoftime, uniq_sigmund,
          uniq_terence

Skill      XL: |  1  2  3 |
---------------+----------+-----
Axes           | 4 5 7 |  7.7
Fighting       | |  2.4
Throwing       | |  2.0
Dodging        | |  3.2

Action                     |  1- 3 |  4- 6 || total
---------------------------+-------+-------++-------
  Melee: War axe           |    45 |    19 ||    64
         Headbutt          |     2 |     2 ||     4
  Throw: Throwing net      |     1 |     1 ||     2
 Armour: Leather armour    |     6 |     1 ||     7
  Dodge: Dodged            |    29 |     7 ||    36
